 Dungeon Sprint DCSS version 0.28-a0-1506-g3893175d92 (webtiles) character file.

Game seed: 10399836340832617099

110 tatocazan the Covered (level 4, 0/32 HPs)
             Began as a Gargoyle Fighter on Jan 13, 2022.
             Slain by an orc wizard (1 damage)
             ... in the Dungeon (Sprint IX: "|||||||||||||||||||||||||||||").
             The game lasted 00:00:13 (80 turns).

tatocazan the Covered (Gargoyle Fighter)              Turns: 80, Time: 00:00:14

Health: 0/32       AC: 11    Str: 22    XL:     4   Next: 91%
Magic:  4/4        EV:  9    Int:  8    God:
Gold:   0          SH:  5    Dex:  9    Spells: 3/3 levels left

rFire   . . .      SeeInvis .   a - +0 flail
rCold   . . .      Faith    .   c - +0 buckler
rNeg    + . .      Spirit   .   b - +0 scale mail
rPois   ∞          Reflect  .   (no helmet)
rElec   +          Harm     .   (no cloak)
rCorr   .          Rampage  .   (no gloves)
Will    .....      NoTele   +   (no boots)
Stlth   ..........              (no amulet)
HPRegen 0.10/turn               (no ring)
MPRegen 0.09/turn               (no ring)

@: on berserk cooldown, slowed, very slow
A: sickness immunity, AC +3, negative energy resistance 1, electricity
resistance, torment resistance 1, petrification resistance
a: no special abilities


You were in the Dungeon.
You visited 1 branch

Inventory:

Hand Weapons
 a - a +0 flail (weapon)
Armour
 b - a +0 scale mail (worn)
 c - a +0 buckler (worn)
Scrolls
 j - a scroll of blinking
Potions
 d - a potion of might
 e - a potion of curing
 f - a potion of heal wounds
 g - a potion of haste
 h - 2 potions of magic


   Skills:
 + Level 6.0 Fighting
 + Level 4.9 Maces & Flails
 + Level 6.0 Armour
 + Level 6.0 Shields


You had 3 spell levels left.
You didn't know any spells.
Your spell library was empty.

Dungeon Overview and Level Annotations

Branches:
Dungeon (1/1)

Altars:


Innate Abilities, Weirdness & Mutations

You are immune to sickness and miasma.
Your stone body is resilient. (AC +3)
You are immune to poison.
You resist negative energy. (rN+)
You are resistant to electric shocks. (rElec)
You are resistant to unholy torment.
You are immune to petrification.


Message History

You barely miss something.
You hear some strange, mumbled words.
You are more confused.
You bump into the unnaturally hard rock wall.
Something hits you but does no damage. x2
You bump into the unnaturally hard rock wall.
Something hits you but does no damage. Something hits you.
Something freezes you.
You take 4 damage, and have 21/32 hp.
You bump into the unnaturally hard rock wall.
Something hits you but does no damage.
You miss something.
You feel less confused. Something hits you. Something freezes you.
You hear some strange, mumbled words.
A magic dart appears from out of thin air!
The magic dart hits you!
You take 9 damage, and have 13/32 hp.
MASSIVE DAMAGE!!
You hit something. Something hits you. Something freezes you.
Something hits you but does no damage.
You take 3 damage, and have 10/32 hp.
You hit something.
You are no longer glowing.
Something hits you but does no damage. Something hits you.
* * * LOW HITPOINT WARNING * * *
Something freezes you.
* * * LOW HITPOINT WARNING * * *
You miss something. You block something's attack.
You closely miss something.
Something hits you but does no damage. x2
You miss something. Something hits you but does no damage. Something hits you.
* * * LOW HITPOINT WARNING * * *
Something freezes you.
* * * LOW HITPOINT WARNING * * *
You closely miss something.
Something hits you but does no damage. x2
You miss something. Something hits you.
* * * LOW HITPOINT WARNING * * *
Something freezes you.
* * * LOW HITPOINT WARNING * * *
Something hits you.
You die... ▓▓▓▓▓▓▓▓▓▓▓▓▓▓▓▓▓▓ ▓<...'))†@{oo....+ ▓▓▓▓▓▓▓▓▓▓▓▓▓▓▓▓▓▓

You could see 2 orcs.

Vanquished Creatures
  A phantom (D)
  A gnoll shaman (D)
  A dart slug (D)
  A bat (D)
  A jackal (D)
  2 kobolds (D)
7 creatures vanquished.

Notes
Turn   | Place    | Note
-------+----------+-------------------------------------------
     0 | D        | tatocazan the Gargoyle Fighter began the quest for the Orb.
     0 | D        | Reached XP level 1. HP: 14/14 MP: 1/1
    19 | D        | Reached XP level 2. HP: 18/20 MP: 2/2
    47 | D        | Noticed a phantom
    57 | D        | Reached XP level 3. HP: 25/25 MP: 3/3
    64 | D        | Killed a phantom
    65 | D        | Reached XP level 4. HP: 32/32 MP: 4/4
    80 | D        | HP: 1/32 [something (1)]
    80 | D        | Slain by an orc wizard

Illustrated notes

Levels and vault maps discovered:
D:        linesprint [early_d, line_temple, items_1, d_10, items_2, lair_1,
          lair_end, items_3, orc_1, orc_end, items_4, d_15, swamp_1, shoals_1,
          snake_1, spider_1, d_20, vaults_1, items_5, swamp_end, shoals_end,
          snake_end, spider_end, vaults_end, d_27, items_6, zot_1, zot_end,
          crypt_end, forest_end, elf_end, slime_end, tomb_end, abyss_end,
          pan_hell_end]

Skill      XL: |  1  2  3 |
---------------+----------+-----
Armour         | 4 6 |  6.0
Fighting       | 4 6 |  6.0
Maces & Flails | 3 4 |  4.9
Shields        | 4 6 |  6.0

Action                   |  1- 3 |  4- 6 || total
-------------------------+-------+-------++-------
Melee: Flail             |    28 |    10 ||    38
  Use: Potion            |     1 |       ||     1
Armor: Scale mail        |    10 |    13 ||    23
Dodge: Dodged            |    10 |       ||    10
Block: Buckler           |     4 |     1 ||     5

Table legend: (Time is in decaauts)
 A = Elapsed time spent in this place.
 B = Non-inter-level travel time spent in this place.
 C = Inter-level travel time spent in this place.
 D = Time resting spent in this place.
 E = Time spent auto-exploring this place.
 F = Levels seen in this place.
 G = Mean time per level.
                   A        B        C        D        E       F      G
               +--------+--------+--------+--------+--------+-----+--------+
         Total |     91 |     91 |      0 |      0 |     31 |   1 |   91.0 |
       Dungeon |     91 |     91 |      0 |      0 |     31 |   1 |   91.0 |
               +--------+--------+--------+--------+--------+-----+--------+

Top non-repeatable levels by time:
       D: 91 daAuts
